 Dungeon Crawl Stone Soup version 0.28.0-49-g6dfe1f597d (webtiles) character file.

Game seed: 7116416265142594211

31 hawla the Firebug (level 3, -1/14 HPs)
             Began as a Felid Fire Elementalist on May 19, 2022.
             Killed from afar by Natasha (15 damage)
             ... with a puff of flame
             ... on level 2 of the Dungeon.
             The game lasted 00:02:27 (1973 turns).

hawla the Firebug (Felid Fire Elementalist)         Turns: 1973, Time: 00:02:28

Health: -1/14      AC:  1    Str:  4    XL:     3   Next: 7%
Magic:  7/7        EV: 18    Int: 18    God:
Gold:   100        SH:  0    Dex: 16    Spells: 3/6 levels left
                                        Lives:  0   Deaths: 0

rFire   . . .      SeeInvis +   (weapon unavailable)
rCold   . . .      Faith    .   (shield unavailable)
rNeg    . . .      Spirit   .   (armour unavailable)
rPois   .          Reflect  .   (helmet unavailable)
rElec   .          Harm     .   (cloak unavailable)
rCorr   .          Rampage  .   (gloves unavailable)
Will    .....                   (boots unavailable)
Stlth   ++........              (no amulet)
HPRegen 0.04/turn               (no ring)
MPRegen 0.10/turn               (no ring)

@: quick
A: very small, claws 1, fangs 3, see invisible, speed 1, shaggy fur 1, stealthy
paws, no weapons or thrown items, no armour, multi-lived
a: no special abilities


You were on level 2 of the Dungeon.
You visited 1 branch of the dungeon, and saw 2 of its levels.

You collected 100 gold pieces.

Inventory:

Scrolls
 a - 2 scrolls of identify {unknown}
 d - a scroll of teleportation {unknown}
 f - a scroll of noise {unknown}
 g - a scroll of enchant armour {unknown}
Potions
 b - a potion of brilliance {unknown}
 c - a potion of invisibility {unknown}
 e - a potion of mutation {unknown}


   Skills:
 + Level 3.2 Dodging
 + Level 3.0 Stealth
 + Level 0.2 Unarmed Combat
 + Level 2.1 Spellcasting
 + Level 1.0 Conjurations
 + Level 3.3 Fire Magic


You had 3 spell levels left.
You knew the following spells:

 Your Spells              Type           Power      Damage    Failure   Level
a - Foxfire               Conj/Fire      36%        2x1d5     8%          1
b - Scorch                Fire           26%        2d6       7%          2

Your spell library contained the following spells:

 Spells                   Type           Power      Damage    Failure   Level
 Conjure Flame            Conj/Fire      9%         6-21      22%         3
 Inner Flame              Hex/Fire       7%         N/A       26%         3
 Gell's Gravitas          Tloc           1%         N/A       47%         3
 Teleport Other           Tloc           1%         N/A       47%         3
 Flame Wave               Conj/Fire      9%         2d5       58%         4
 Dispersal                Tloc           0%         N/A       100%        6


Dungeon Overview and Level Annotations

Branches:
Dungeon (2/15)

Altars:

Shops:
D:2 ?

Annotations:
D:2 Natasha


Innate Abilities, Weirdness & Mutations

You have sharp claws.
You have razor-sharp teeth.
You have supernaturally acute eyesight. (SInv)
You cover ground quickly. (Speed+)
You are covered in fur. (AC +1)
Your paws help you pounce on unaware monsters.
You are incapable of wielding weapons or throwing items.
You cannot wear armour.
You gain extra lives every three experience levels.


Message History

A hobgoblin comes into view.
Casting: Foxfire (safe; 8% risk of failure)
Confirm with . or Enter, or press ? or * to list all spells.
You conjure some foxfire!
The hobgoblin shouts!
The foxfire hits the hobgoblin.
The hobgoblin is almost dead.
Casting: Foxfire (safe; 8% risk of failure)
Confirm with . or Enter, or press ? or * to list all spells.
You conjure some foxfire!
The foxfire hits the hobgoblin.
You kill the hobgoblin!
A kobold comes into view. It is wielding a +0 short sword.
A kobold is nearby!
A kobold is nearby!
A kobold is nearby!
The foxfire hits the kobold.
You kill the kobold!
Magic restored.
g - a scroll labelled OQOWUU PUTERY
There is a stone staircase leading down here.
You open the door.
There is an open door here.
A quokka comes into view.
There is an entrance to Biuwket's Magic Scroll Emporium here.
A quokka is nearby!
A quokka is nearby!
You can access your shopping list by pressing '$'.
A quokka is nearby!
A quokka is nearby!
A quokka is nearby!
No reachable target in view!
No reachable target in view!
There is an open door here.
Found 2 gold pieces.
Natasha, Servant of Life and Death comes into view.
She is carrying a wand of flame (2).
A frilled lizard comes into view.
Natasha zaps a wand.
The puff of flame hits you!
Ouch! That really hurt!
You die...

..... ....r....l..#
......## #..........#
........ # #.........#
#.#....
###.........###h...##
.##...............$.####
.##....................#
......###............#
......#∩'.......@.#
......###......!..#
........>..)......#
..........#.......#
..........#.......#
.......##..######...
......####.# ##.#
.....## #... .. ######
##.#


You could see Natasha.

Vanquished Creatures
  A dart slug (D:1)
  4 endoplasms (D:1)
  2 giant cockroaches (D:1)
  2 goblins (D:1)
  7 hobgoblins
  2 ball pythons (D:1)
  A bat (D:1)
  2 frilled lizards (D:1)
  2 kobolds
  3 rats (D:1)
26 creatures vanquished.

Vanquished Creatures (others)
  42 foxfires
42 creatures vanquished.

Grand Total: 68 creatures vanquished

Notes
Turn   | Place    | Note
-------+----------+-------------------------------------------
     0 | D:1      | hawla the Felid Fire Elementalist began the quest for the
                  | Orb.
     0 | D:1      | Reached XP level 1. HP: 7/7 MP: 4/4
   377 | D:1      | Reached XP level 2. HP: 7/11 MP: 6/6
   845 | D:1      | Found a faded altar of an unknown god.
  1485 | D:1      | Reached skill level 1 in Conjurations
  1909 | D:2      | Reached XP level 3. HP: 14/14 MP: 7/7
  1912 | D:2      | Learned a level 2 spell: Scorch
  1928 | D:2      | Found Biuwket's Magic Scroll Emporium.
  1969 | D:2      | Noticed Natasha
  1973 | D:2      | Killed from afar by Natasha

Illustrated notes

Levels and vault maps discovered:
D:1:      eino_arrival_cavern_d, layout_loops_corners,
          shapermc_ecumenical_altar_venn
D:2:      layout_rooms, serial_shops, nicolae_shop_overgrown_old_shop,
          nicolae_lakefront_shop, nicolae_shop_temple_entry_statues_fountains,
          nicolae_shop_stone, nicolae_shop_window_shopping, uniq_natasha

Skill      XL: |  1  2 |
---------------+-------+-----
Fire Magic     | 3 |  3.3
Dodging        | 3 |  3.2
Stealth        | 3 |  3.0
Conjurations   | 1 |  1.0
Unarmed Combat | |  0.2
Spellcasting   | |  2.1

Action                   || total
-------------------------++-------
Melee: Unarmed           ||    28
       Bite              ||     2
       Punch             ||     1
 Cast: Foxfire           ||    26
 Stab: Sleeping          ||     4
Dodge: Dodged            ||    24
